HSSL
BISHOP GORMAN HS BALBASAURS @ OTSEGO HS BULLDOGS
05/13/2030
 
TOP OF THE 1ST
Bishop Gorman HS Balbasaurs batting - Pitching for Otsego HS Bulldogs : RHP Daniel Norton
Pitching: RHP Daniel Norton
Batting: RHB Lynwood Bryant 0-0: Fly out, F6 (Line Drive, 6M)
Batting: RHB River Oliver 0-0: Ball
1-0: Foul Ball, location: 2F
1-1: Foul Ball, location: 2F
1-2: Strikes out swinging
Batting: RHB Valentín Martínez 0-0: Fly out, F6 (Popup, 6M)
Top of the 1st over - 0 runs, 0 hits, 0 errors, 0 left on base; Bishop Gorman HS 0 - Otsego HS 0
BOTTOM OF THE 1ST
Otsego HS Bulldogs batting - Pitching for Bishop Gorman HS Balbasaurs : RHP Javier Gonzáles
Pitching: RHP Javier Gonzáles
Batting: RHB David Sheehan 0-0: Swinging Strike
0-1: Ball
1-1: Foul Ball, location: 2F
1-2: Ball
2-2: Foul Ball, location: 2F
2-2: Ball
3-2: Foul Ball, location: 2F
3-2: Strikes out swinging
Batting: RHB Jack Díaz 0-0: Ground out 4-3 (Groundball, 4)
Batting: RHB Ray Martin 0-0: Called Strike
0-1: Foul Ball, location: 2F
0-2: Fly out, F9 (Line Drive, 9)
Bottom of the 1st over - 0 runs, 0 hits, 0 errors, 0 left on base; Bishop Gorman HS 0 - Otsego HS 0
TOP OF THE 2ND
Bishop Gorman HS Balbasaurs batting - Pitching for Otsego HS Bulldogs : RHP Daniel Norton
Batting: LHB Daniel Smith 0-0: Called Strike
0-1: Swinging Strike
0-2: Ball
1-2: Strikes out swinging
Batting: RHB Alan Stephens 0-0: Called Strike
0-1: Ball
1-1: Ball
2-1: Swinging Strike
2-2: Ball
3-2: Strikes out swinging
Batting: RHB William Young 0-0: Fly out, F6 (Popup, P)
Top of the 2nd over - 0 runs, 0 hits, 0 errors, 0 left on base; Bishop Gorman HS 0 - Otsego HS 0
BOTTOM OF THE 2ND
Otsego HS Bulldogs batting - Pitching for Bishop Gorman HS Balbasaurs : RHP Javier Gonzáles
Batting: SHB Keith Novak 0-0: Ball
1-0: Ball
2-0: SINGLE (Line Drive, 6MD)
Batting: RHB Pedro Estrada 0-0: Called Strike
0-1: Ball
1-1: Ball
2-1: Foul Ball, location: 2F
2-2: Foul Ball, location: 2F
2-2: Hit by Pitch
Keith Novak to second
Batting: RHB Armando Gonzáles 0-0: Ball
1-0: Foul Ball, location: 2F
1-1: TRIPLE (Line Drive, 8RXD)
Keith Novak scores
Pedro Estrada scores
Batting: RHB Pepe Ramos 0-0: Fly out, F7 (Flyball, 7LSF)
Runner from 3rd tags up, SCORES, no throw
Batting: RHB Curt Pierson 0-0: Ball
1-0: Ball
2-0: Ground out 5-3 (Groundball, 56)
Batting: RHB Pancho Herrera 0-0: Ground out 6-3 (Groundball, 6)
Bottom of the 2nd over - 3 runs, 2 hits, 0 errors, 0 left on base; Bishop Gorman HS 0 - Otsego HS 3
TOP OF THE 3RD
Bishop Gorman HS Balbasaurs batting - Pitching for Otsego HS Bulldogs : RHP Daniel Norton
Batting: RHB Michael Sanford 0-0: Called Strike
0-1: Swinging Strike
0-2: Ball
1-2: Strikes out swinging
Batting: LHB Robert Reeves Jr. 0-0: SINGLE (Line Drive, 9LS)
Batting: LHB Michel Gélinas 0-0: Ball
1-0: Foul Ball, location: 2F
1-1: Ball
2-1: Ball
Wild Pitch!
Robert Reeves Jr. to second
3-1: Base on Balls
Batting: RHB Lynwood Bryant 0-0: Swinging Strike
0-1: Ball
1-1: Ball
2-1: Foul Ball, location: 2F
2-2: DOUBLE (Line Drive, 7D)
Robert Reeves Jr. scores
Michel Gélinas to third
Batting: RHB River Oliver 0-0: Ball
1-0: Ball
2-0: Swinging Strike
2-1: Ball
3-1: Foul Ball, location: 2F
3-2: Base on Balls
Batting: RHB Valentín Martínez 0-0: Ball
1-0: Ball
2-0: Swinging Strike
2-1: Called Strike
2-2: Ball
3-2: Fly out, F7 (Flyball, 7S)
Runner from 3rd tags up, SCORES, throw made
Batting: LHB Daniel Smith 0-0: Ball
1-0: Called Strike
1-1: Ball
2-1: Foul Ball, location: 2F
2-2: Strikes out swinging
Top of the 3rd over - 2 runs, 2 hits, 0 errors, 2 left on base; Bishop Gorman HS 2 - Otsego HS 3
BOTTOM OF THE 3RD
Otsego HS Bulldogs batting - Pitching for Bishop Gorman HS Balbasaurs : RHP Javier Gonzáles
Batting: RHB David Sheehan 0-0: Ball
1-0: Fly out, F8 (Flyball, 78M)
Batting: RHB Jack Díaz 0-0: Called Strike
0-1: Ball
1-1: Ball
2-1: Ball
3-1: Base on Balls
Batting: RHB Ray Martin 0-0: DOUBLE (Line Drive, 9D)
Jack Díaz to third
Batting: SHB Keith Novak 0-0: Foul Ball, location: 2F
0-1: Fly out, F8 (Line Drive, 8LD)
Runner from 3rd tags up, OUT at HOME
Bottom of the 3rd over - 0 runs, 1 hit, 0 errors, 1 left on base; Bishop Gorman HS 2 - Otsego HS 3
TOP OF THE 4TH
Bishop Gorman HS Balbasaurs batting - Pitching for Otsego HS Bulldogs : RHP Daniel Norton
Batting: RHB Alan Stephens 0-0: Called Strike
0-1: Swinging Strike
0-2: Strikes out swinging, 2-3 out at first.
Batting: RHB William Young 0-0: Ball
1-0: Swinging Strike
1-1: Ball
2-1: Called Strike
2-2: Strikes out swinging
Batting: RHB Michael Sanford 0-0: Ball
1-0: Ball
2-0: Ball
3-0: Called Strike
3-1: Base on Balls
Batting: LHB Robert Reeves Jr. 0-0: Ball
1-0: SINGLE (Groundball, 56S) (infield hit)
Michael Sanford to second
Batting: LHB Michel Gélinas 0-0: Ground out 3-1 (Groundball, 34S)
Top of the 4th over - 0 runs, 1 hit, 0 errors, 2 left on base; Bishop Gorman HS 2 - Otsego HS 3
BOTTOM OF THE 4TH
Otsego HS Bulldogs batting - Pitching for Bishop Gorman HS Balbasaurs : RHP Javier Gonzáles
Batting: RHB Pedro Estrada 0-0: Ball
1-0: Foul Ball, location: 2F
1-1: Ball
2-1: Called Strike
2-2: Fly out, F8 (Flyball, 8RM)
Batting: RHB Armando Gonzáles 0-0: Ball
1-0: Ball
2-0: Ground out 1-3 (Groundball, 13S)
Batting: RHB Pepe Ramos 0-0: Ball
1-0: Ball
2-0: Ball
3-0: Base on Balls
Batting: RHB Curt Pierson 0-0: Fly out, F5 (Popup, 56)
Bottom of the 4th over - 0 runs, 0 hits, 0 errors, 1 left on base; Bishop Gorman HS 2 - Otsego HS 3
TOP OF THE 5TH
Bishop Gorman HS Balbasaurs batting - Pitching for Otsego HS Bulldogs : RHP Daniel Norton
Batting: RHB Lynwood Bryant 0-0: Ball
1-0: Called Strike
1-1: Foul Ball, location: 2F
1-2: Ball
2-2: Foul Ball, location: 2F
2-2: Strikes out swinging
Batting: RHB River Oliver 0-0: Called Strike
0-1: Swinging Strike
0-2: Foul Ball, location: 2F
0-2: Ball
1-2: SINGLE (Line Drive, 6MD)
Batting: RHB Valentín Martínez 0-0: Swinging Strike
0-1: Foul Ball, location: 2F
0-2: Strikes out swinging
Batting: LHB Daniel Smith 0-0: Foul Ball, location: 2F
0-1: Ball
1-1: Swinging Strike
1-2: Ball
2-2: Foul Ball, location: 2F
2-2: Strikes out swinging
Top of the 5th over - 0 runs, 1 hit, 0 errors, 1 left on base; Bishop Gorman HS 2 - Otsego HS 3
BOTTOM OF THE 5TH
Otsego HS Bulldogs batting - Pitching for Bishop Gorman HS Balbasaurs : RHP Javier Gonzáles
Batting: RHB Pancho Herrera 0-0: Ball
1-0: Swinging Strike
1-1: Fly out, F4 (Popup, 4S)
Batting: RHB David Sheehan 0-0: Ball
1-0: Ball
2-0: Ball
3-0: Called Strike
3-1: Ground out 5-3 (Groundball, 25)
Batting: RHB Jack Díaz 0-0: Called Strike
0-1: Ball
1-1: Ball
2-1: Ground out 6-3 (Groundball, 6)
Bottom of the 5th over - 0 runs, 0 hits, 0 errors, 0 left on base; Bishop Gorman HS 2 - Otsego HS 3
TOP OF THE 6TH
Bishop Gorman HS Balbasaurs batting - Pitching for Otsego HS Bulldogs : RHP Daniel Norton
Pitching: LHP Garrett Major
Batting: RHB Alan Stephens 0-0: Ball
1-0: Foul Ball, location: 2F
1-1: Called Strike
1-2: Foul Ball, location: 2F
1-2: Ground out 5-3 (Groundball, 56S)
Batting: RHB William Young 0-0: Foul Ball, location: 2F
0-1: Called Strike
0-2: Foul Ball, location: 2F
0-2: Ball
1-2: Ground out 4-3 (Groundball, 4)
Batting: RHB Michael Sanford 0-0: Called Strike
0-1: Foul Ball, location: 2F
0-2: Strikes out looking
Top of the 6th over - 0 runs, 0 hits, 0 errors, 0 left on base; Bishop Gorman HS 2 - Otsego HS 3
BOTTOM OF THE 6TH
Otsego HS Bulldogs batting - Pitching for Bishop Gorman HS Balbasaurs : RHP Javier Gonzáles
Batting: RHB Ray Martin 0-0: Ball
1-0: Ground out 5-3 (Groundball, 56S)
Batting: SHB Keith Novak 0-0: Called Strike
0-1: Foul Ball, location: 2F
0-2: Hit by Pitch
Batting: RHB Pedro Estrada 0-0: Called Strike
0-1: Ball
1-1: Called Strike
1-2: Strikes out swinging
Batting: RHB Armando Gonzáles 0-0: SINGLE (Groundball, 34D)
Keith Novak to second
Runner from 2nd tries for 3rd, SAFE, no throw
Batting: RHB Pepe Ramos 0-0: Called Strike
0-1: Ball
1-1: Fly out, F5 (Popup, 6S)
Bottom of the 6th over - 0 runs, 1 hit, 0 errors, 2 left on base; Bishop Gorman HS 2 - Otsego HS 3
TOP OF THE 7TH
Bishop Gorman HS Balbasaurs batting - Pitching for Otsego HS Bulldogs : LHP Garrett Major
Batting: LHB Robert Reeves Jr. 0-0: Fly out, F9 (Line Drive, 89M)
Batting: LHB Michel Gélinas 0-0: Called Strike
0-1: Called Strike
0-2: Strikes out looking
Batting: RHB Lynwood Bryant 0-0: Foul Ball, location: 2F
0-1: Ball
1-1: Ball
2-1: Ground out 6-3 (Groundball, 6)
Top of the 7th over - 0 runs, 0 hits, 0 errors, 0 left on base; Bishop Gorman HS 2 - Otsego HS 3
BOTTOM OF THE 7TH
Otsego HS Bulldogs batting - Pitching for Bishop Gorman HS Balbasaurs : RHP Javier Gonzáles
Batting: RHB Curt Pierson 0-0: Ball
1-0: Fly out, F7 (Flyball, 78M)
Batting: RHB Pancho Herrera 0-0: Foul Ball, location: 2F
0-1: Ball
1-1: SINGLE (Groundball, 2L) (infield hit)
Pitching: RHP Joaquín Ruíz
Batting: RHB David Sheehan 0-0: Ball
1-0: Ball
2-0: Called Strike
2-1: Foul Ball, location: 2F
2-2: Fly out, F7 (Flyball, 7S)
Batting: RHB Jack Díaz 0-0: Ball
1-0: Called Strike
1-1: SINGLE (Groundball, 34D)
Pancho Herrera to second
Runner from 2nd tries for 3rd, SAFE, no throw
Batting: RHB Ray Martin 0-0: Ball
1-0: Ball
2-0: Ground out 4-3 (Groundball, 4)
Bottom of the 7th over - 0 runs, 2 hits, 0 errors, 2 left on base; Bishop Gorman HS 2 - Otsego HS 3
TOP OF THE 8TH
Bishop Gorman HS Balbasaurs batting - Pitching for Otsego HS Bulldogs : LHP Garrett Major
Batting: RHB River Oliver 0-0: Ball
1-0: Ball
2-0: Called Strike
2-1: Ball
3-1: Base on Balls
Pitching: RHP Domingo Taylor
Batting: RHB Valentín Martínez 0-0: Called Strike
0-1: Ball
1-1: Swinging Strike
1-2: Foul Ball, location: 2F
1-2: Foul Ball, location: 2F
1-2: Foul Ball, location: 2F
1-2: Fly out, F9 (Flyball, 89M)
Batting: LHB Daniel Smith 0-0: Ball
1-0: Ball
2-0: Foul Ball, location: 2F
2-1: SINGLE (Flyball, 8LM)
River Oliver to second
Runner from 2nd tries for 3rd, SAFE, no throw
Batting: RHB Alan Stephens 0-0: Called Strike
0-1: Ball
1-1: Ball
2-1: Foul Ball, location: 2F
2-2: Ball
3-2: Fly out, F7 (Flyball, 78D)
Runner from 3rd tags up, SCORES, throw made
Batting: RHB William Young 0-0: Swinging Strike
0-1: Ball
1-1: Swinging Strike
1-2: Ball
2-2: Strikes out swinging
Top of the 8th over - 1 run, 1 hit, 0 errors, 1 left on base; Bishop Gorman HS 3 - Otsego HS 3
BOTTOM OF THE 8TH
Otsego HS Bulldogs batting - Pitching for Bishop Gorman HS Balbasaurs : RHP Joaquín Ruíz
Batting: SHB Keith Novak 0-0: Ground out 4-3 (Groundball, 4)
Batting: RHB Pedro Estrada 0-0: Called Strike
0-1: SINGLE (Groundball, 6MD)
Batting: RHB Armando Gonzáles 0-0: Foul Ball, location: 2F
0-1: Fly out, F3 (Popup, 3SF)
Batting: RHB Pepe Ramos 0-0: Ball
1-0: 2-RUN HOME RUN (Flyball, 9LD), Distance : 359 ft
Pitching: RHP António Santiago
Batting: RHB Curt Pierson 0-0: Ball
1-0: Foul Ball, location: 2F
1-1: Called Strike
1-2: Ball
2-2: Ball
3-2: Base on Balls
Batting: RHB Pancho Herrera 0-0: Ball
Curt Pierson is caught stealing 2nd base
Bottom of the 8th over - 2 runs, 2 hits, 0 errors, 0 left on base; Bishop Gorman HS 3 - Otsego HS 5
TOP OF THE 9TH
Bishop Gorman HS Balbasaurs batting - Pitching for Otsego HS Bulldogs : RHP Domingo Taylor
Pitching: RHP Mark Meadows
Batting: RHB Michael Sanford 0-0: SINGLE (Flyball, 4D)
Pinch Hitting: SHB Matt Carpenter 0-0: Called Strike
0-1: Ball
1-1: Swinging Strike
1-2: Ball
2-2: Foul Ball, location: 2F
2-2: Strikes out swinging
Batting: LHB Michel Gélinas 0-0: Ball
1-0: Fly out, F8 (Flyball, 8LD)
Batting: RHB Lynwood Bryant 0-0: Ball
1-0: Ball
2-0: Called Strike
2-1: Called Strike
2-2: Strikes out swinging
Top of the 9th over - 0 runs, 1 hit, 0 errors, 1 left on base; Bishop Gorman HS 3 - Otsego HS 5
Saturday, April 7th, 2018 - OOTP Baseball 18.8 Build 76